 Dungeon Crawl Stone Soup version 0.27-a0-1319-geec4fb4e21 (webtiles) character file.

Game seed: 14489883664804341778

21 Shayle the Sneak (level 2, -4/20 HPs)
             Began as a Demonspawn Enchanter on June 22, 2021.
             Slain by a gnoll (5 damage)
             ... on level 2 of the Dungeon.
             The game lasted 00:02:15 (1191 turns).

Shayle the Sneak (Demonspawn Enchanter)             Turns: 1191, Time: 00:02:15

Health: -4/20      AC:  4    Str:  8    XL:     2   Next: 65%
Magic:  1/5        EV: 12    Int: 16    God:
Gold:   20         SH:  0    Dex: 13    Spells: 2/5 levels left

rFire    . . .     SeeInvis .   f - +2 dagger (venom)
rCold    . . .     Faith    .   (no shield)
rNeg     . . .     Spirit   .   b - +0 robe
rPois    .         Reflect  .   a - +1 helmet
rElec    .         Harm     .   (no cloak)
rCorr    .         Rampage  .   (no gloves)
Will     .....                  (no boots)
Stlth    ++........             (no amulet)
HPRegen  0.06/turn              (no ring)
MPRegen  0.09/turn              (no ring)

@: very slightly contaminated
A: hooves 1
a: no special abilities


You were on level 2 of the Dungeon.
You visited 1 branch of the dungeon, and saw 2 of its levels.

You collected 20 gold pieces.

Inventory:

Hand Weapons
 f - a +2 dagger of venom (weapon)
Armour
 a - a +1 helmet (worn)
 b - a +0 robe (worn)
Jewellery
 g - a ring of protection from cold
Scrolls
 d - 2 scrolls of identify {unknown}
 e - a scroll of torment {unknown}
 i - a scroll of enchant weapon {unknown}
 j - a scroll of amnesia {unknown}
 k - a scroll of teleportation {unknown}
Potions
 c - a potion of haste {unknown}
 h - 4 potions of heal wounds {unknown}


   Skills:
 + Level 0.9 Fighting
 - Level 0.8 Short Blades
 + Level 2.1 Dodging
 * Level 3.2 Stealth
 - Level 2.0 Spellcasting
 - Level 3.0 Hexes
 + Level 0.3 Ice Magic


You had 2 spell levels left.
You knew the following spells:

 Your Spells              Type           Power      Damage    Failure   Level
a - Corona                Hex            12%        N/A       6%          1
b - Ensorcelled Hibernat  Hex/Ice        12%        N/A       16%         2

Your spell library contained the following spells:

 Spells                   Type           Power      Damage    Failure   Level
 Confusing Touch          Hex            11%        N/A       19%         3
 Tukima's Dance           Hex            11%        N/A       19%         3
 Dazzling Flash           Conj/Hex       12%        N/A       32%         3


Dungeon Overview and Level Annotations

Branches:
Dungeon (2/15)

Altars:
Vehumet


Innate Abilities, Weirdness & Mutations

You have large cloven feet.


Message History

The endoplasm is heavily wounded.
You kill the endoplasm!
Found a stone staircase leading down.
There is a stone staircase leading down here.
Found a radiant altar of Vehumet.
k - a scroll labelled DAOJ GYAKK
Found a plate armour.
A gnoll comes into view. It is wielding a +0 spear.
The gnoll shouts!
You hear a shout!
Cast which spell? (? or * to list)
Aiming: Ensorcelled Hibernation (safe; 16% risk of failure)
Press: ? - help, Shift-Dir - straight line, f - gnoll
Aim: a gnoll, wielding a +0 spear (chance to affect: 47%)
You miscast Ensorcelled Hibernation.
You are very lightly contaminated with residual magic.
Nothing appears to happen.
The gnoll hits you from afar with a +0 spear.
Casting: Ensorcelled Hibernation (safe; 16% risk of failure)
Confirm with . or Enter, or press ? or * to list all spells.
Aiming: Ensorcelled Hibernation (safe; 16% risk of failure)
Press: ? - help, Shift-Dir - straight line, f/p - gnoll
Aim: a gnoll, wielding a +0 spear (chance to affect: 47%)
The gnoll resists with some effort.
The gnoll hits you from afar with a +0 spear!
Unknown command.
Casting: Ensorcelled Hibernation (safe; 16% risk of failure)
Confirm with . or Enter, or press ? or * to list all spells.
You don't have enough magic to cast this spell.
The gnoll barely misses you. The gnoll closely misses you.
You closely miss the gnoll. The gnoll hits you with a +0 spear.
You hit the gnoll but do no damage.
The gnoll is poisoned.
You hit the gnoll.
The gnoll looks as sick as possible!
The gnoll is moderately wounded.
The gnoll hits you with a +0 spear!
* * * LOW HITPOINT WARNING * * *
You closely miss the gnoll.
The gnoll is moderately wounded.
The gnoll hits you with a +0 spear.
You die...

######.....##
#......#
#......##
#####...#
#.#.# #...#
##..## #..g#
#..@## ##...#
#.#.# #...#
##..# #..#
##.## #..#
######## #..#


You could see a gnoll (extremely poisoned).

Vanquished Creatures
  2 dart slugs (D:1)
  2 endoplasms
  2 hobgoblins (D:1)
  3 ball pythons (D:1)
  3 bats
  A frilled lizard (D:1)
  4 kobolds (D:1)
  A rat (D:1)
18 creatures vanquished.

Notes
Turn   | Place    | Note
-------+----------+-------------------------------------------
     0 | D:1      | Shayle the Demonspawn Enchanter began the quest for the
                  | Orb.
     0 | D:1      | Reached XP level 1. HP: 13/13 MP: 3/3
   660 | D:1      | Gained mutation: You have large cloven feet. [demonic
                  | ancestry]
   660 | D:1      | Reached XP level 2. HP: 20/20 MP: 5/5
   663 | D:1      | Learned a level 2 spell: Ensorcelled Hibernation
  1153 | D:2      | Found a radiant altar of Vehumet.
  1190 | D:2      | HP: 1/20 [gnoll (7)]
  1191 | D:2      | Slain by a gnoll

Illustrated notes

Levels and vault maps discovered:
D:1:      denvon_arrival_planthouse, layout_basic, chequers_jeans
D:2:      layout_basic, basic_altar, uniq_natasha, uniq_jessica

Skill      XL: |  1  2 |
---------------+-------+-----
Stealth        | 3 |  3.2
Dodging        | 2 |  2.1
Fighting       | |  0.9
Short Blades   | |  0.8
Spellcasting   | |  2.0
Hexes          | |  3.0
Ice Magic      | |  0.3

Action                   || total
-------------------------++-------
Melee: Dagger            ||    43
       Kick              ||     2
 Cast: Ensorcelled Hiber ||     1
 Stab: Sleeping          ||     3
Armor: Robe              ||    10
Dodge: Dodged            ||    23

Table legend: (Time is in decaauts)
 A = Elapsed time spent in this place.
 B = Non-inter-level travel time spent in this place.
 C = Inter-level travel time spent in this place.
 D = Time resting spent in this place.
 E = Time spent auto-exploring this place.
 F = Levels seen in this place.
 G = Mean time per level.
                   A        B        C        D        E       F      G
               +--------+--------+--------+--------+--------+-----+--------+
         Total |   1188 |   1166 |     22 |      2 |    935 |   2 |  594.0 |
       Dungeon |   1188 |   1166 |     22 |      2 |    935 |   2 |  594.0 |
               +--------+--------+--------+--------+--------+-----+--------+

Top non-repeatable levels by time:
     D:1: 1072 daAuts
     D:2: 115 daAuts
